 Dungeon Crawl Stone Soup version 0.27.1 (webtiles) character file.

Game seed: 12829591931753225749

86 mediusvir the Cudgeller (level 4, 0/41 HPs)
             Began as a Minotaur Berserker on Aug 29, 2021.
             Was a Believer of Trog.
             Hit by a goblin thrown by Robin (3 damage)
             ... on level 3 of the Dungeon.
             The game lasted 00:09:41 (3246 turns).

mediusvir the Cudgeller (Minotaur Berserker)        Turns: 3246, Time: 00:09:41

Health: 0/41       AC:  6    Str: 23    XL:     4   Next: 26%
Magic:  3/3        EV: 12    Int:  4    God:    Trog [**....]
Gold:   71         SH:  0    Dex:  9    Spells: 3/3 levels left

rFire    . . .     SeeInvis .   a - +1 mace
rCold    . . .     Faith    .   (no shield)
rNeg     . . .     Spirit   .   b - +0 animal skin
rPois    .         Reflect  .   (helmet restricted)
rElec    .         Harm     .   (no cloak)
rCorr    .         Rampage  .   (no gloves)
Will     .....                  (no boots)
Stlth    +.........             (no amulet)
HPRegen  0.13/turn              c - +4 ring of protection
MPRegen  0.08/turn              (no ring)

@: on berserk cooldown, slowed, very slow
A: horns 2, retaliatory headbutt
a: Renounce Religion, Berserk, Trog's Hand


You were on level 3 of the Dungeon.
You worshipped Trog.
Trog was pleased with you.
You visited 1 branch of the dungeon, and saw 3 of its levels.

You collected 71 gold pieces.

Inventory:

Hand Weapons
 a - a +1 mace (weapon)
Missiles
 g - 98 stones (quivered)
 j - 74 arrows
 k - 10 bolts
Armour
 b - a +0 animal skin (worn)
Jewellery
 c - a +4 ring of protection (left hand)
Scrolls
 d - a scroll of amnesia {unknown}
 f - 2 scrolls of magic mapping {unknown}
 h - 2 scrolls of enchant weapon
 i - a scroll of brand weapon {unknown}
 l - a scroll of fear {unknown}
Potions
 e - a potion of mutation {unknown}


   Skills:
 + Level 4.4 Fighting
 + Level 4.9 Maces & Flails
 + Level 2.7 Armour
 + Level 2.9 Dodging
 + Level 0.3 Stealth


You had 3 spell levels left.
You didn't know any spells.
Your spell library contained the following spells:

 Spells                   Type           Power      Damage    Failure   Level
 Foxfire                  Conj/Fire      0%         2x1d4     50%         1
 Conjure Flame            Conj/Fire      0%         6-21      86%         3
 Inner Flame              Hex/Fire       0%         N/A       86%         3
 Blade Hands              Tmut           0%         N/A       100%        5
 Irradiate                Conj/Tmut      0%         3d14      100%        5
 Dragon Form              Tmut           0%         N/A       100%        7


Dungeon Overview and Level Annotations

Branches:
Dungeon (3/15)

Altars:
Cheibriados

Annotations:
D:3 Robin


Innate Abilities, Weirdness & Mutations

You have a pair of horns on your head.
You reflexively headbutt those who attack you in melee.


Message History

The goblin is heavily wounded.
The goblin hits you with a +3 dagger. The goblin hits you with a +0 club.
A red film seems to cover your vision as you go berserk!
You feel yourself moving faster!
You feel mighty!
A goblin comes into view. It is wielding a +0 club.
The goblin hits you with a +3 dagger! The goblin hits you with a +0 club.
You sock the goblin!
You kill the goblin!
Trog accepts your kill.
Robin hits you from afar with a +2 vorpal spear.
You closely miss the goblin. You headbutt the goblin.
You kill the goblin!
Trog accepts your kill.
Robin hits you from afar with a +2 vorpal spear.
* * * LOW HITPOINT WARNING * * *
Robin hits you but does no damage.
Things that are here:
a +3 dagger; a +0 club; a goblin corpse You feel a strong urge to attack something.
You are no longer berserk.
You are exhausted.
You feel yourself slow down.
Robin says, "A pitiful Minotaur like you will never find the ORB!"
Robin roars a battlecry!
The goblin goes into a battle-frenzy!
The hobgoblin no longer looks unusually strong.
Robin closely misses you.
The goblin no longer looks unusually strong.
Robin hits you from afar with a +2 vorpal spear.
* * * LOW HITPOINT WARNING * * *
x2 Robin throws the goblin at you!
Robin hits you from afar with a +2 vorpal spear.
* * * LOW HITPOINT WARNING * * *
x2 The goblin hits you but does no damage.
The goblin hits you but does no damage. Robin throws the goblin at you!
The goblin barely misses you. You furiously retaliate!
You headbutt the goblin. The goblin hits you but does no damage.
The goblin barely misses you. Robin throws the goblin at you!
You die...

#......#######
#.####g##....#
#g.'....#
#.##....#
#.##....#
#gg.gg.##
#####..#
###..# #<.@.#
###g## #.# ..#
##.# #.# #.#
..#


You could see Robin, a hobgoblin and a goblin (strong).

Vanquished Creatures
  Natasha (D:2)
  An adder (D:2)
  2 dart slugs
  4 ball pythons
  6 endoplasms
  12 goblins
  2 hobgoblins (D:2)
  2 quokkas (D:2)
  6 bats
  A frilled lizard (D:1)
  2 kobolds (D:1)
  2 rats
41 creatures vanquished.

Notes
Turn   | Place    | Note
-------+----------+-------------------------------------------
     0 | D:1      | mediusvir the Minotaur Berserker began the quest for the
                  | Orb.
     0 | D:1      | Reached XP level 1. HP: 19/19 MP: 0/0
   206 | D:1      | Reached XP level 2. HP: 15/27 MP: 1/1
  2081 | D:2      | Reached XP level 3. HP: 33/33 MP: 2/2
  2283 | D:2      | Found a snail-covered altar of Cheibriados.
  2334 | D:2      | Found a faded altar of an unknown god.
  2824 | D:2      | Noticed Natasha
  2835 | D:2      | Killed Natasha
  2836 | D:2      | Reached XP level 4. HP: 34/41 MP: 3/3
  3217 | D:3      | Noticed Robin
  3225 | D:3      | Reached ** piety under Trog
  3241 | D:3      | HP: 2/41 [Robin (1)]
  3246 | D:3      | Hit by a goblin thrown by Robin

Illustrated notes

Levels and vault maps discovered:
D:1:      onia_arrival_mini_spirals, layout_basic, minivault_25
D:2:      layout_loops_corners, basic_altar, ebering_ecumenical_altar_hall,
          uniq_natasha
D:3:      cheibrodos_helix_gallery, layout_basic,
          mainiacjoe_overflow_six_doors_small, jmf_multi_god_temple, uniq_ijyb,
          uniq_robin

Skill      XL: |  1  2 |
---------------+-------+-----
Fighting       | 4 |  4.4
Maces & Flails | 4 |  4.9
Armour         | |  2.7
Dodging        | |  2.9
Stealth        | |  0.3

Action                   |  1- 3 |  4- 6 || total
-------------------------+-------+-------++-------
Melee: Mace              |    59 |    16 ||    75
       Headbutt          |     6 |     1 ||     7
Invok: Berserk           |     1 |     1 ||     2
  Use: Scroll            |     1 |       ||     1
 Stab: Sleeping          |     1 |       ||     1
Armor: Animal skin       |    37 |    11 ||    48
Dodge: Dodged            |    49 |     7 ||    56
